 Dungeon Crawl Stone Soup version 0.21-a0-2-ge494091 (webtiles) character file.

35 SQman the Chopper (level 3, -4/30 HPs)
             Began as a Minotaur Gladiator on May 21, 2017.
             Slain by Sigmund
             ... wielding a cursed -3 scythe
              (7 damage)
             ... on level 2 of the Dungeon.
             The game lasted 00:05:06 (1116 turns).

SQman the Chopper (Minotaur Gladiator)              Turns: 1116, Time: 00:05:06

Health: -4/30      AC:  3    Str: 18    XL:     3   Next: 17%
Magic:  2/2        EV: 13    Int:  5    God:
Gold:   61         SH:  0    Dex: 12    Spells: 2/2 levels left

rFire    . . .     SeeInvis .   a - +0 war axe
rCold    . . .     Gourm    .   (no shield)
rNeg     . . .     Faith    .   e - +0 leather armour
rPois    .         Spirit   .   c - +0 hat
rElec    .         Reflect  .   (no cloak)
rCorr    .         Harm     .   (no gloves)
MR       .....                  (no boots)
Stlth    +.........             (no amulet)
Regen    0.1/turn               (no ring)
MPRegen  0.1/turn               (no ring)

@: confused
A: retaliatory headbutt, horns 2
a: no special abilities


You were on level 2 of the Dungeon.
You were hungry.

You visited 1 branch of the dungeon, and saw 2 of its levels.

You collected 61 gold pieces.

Inventory:

Hand Weapons
 a - a +0 war axe (weapon)
Missiles
 d - 3 throwing nets (quivered)
Armour
 b - a +0 leather armour
 c - a +0 hat (worn)
 e - a +0 leather armour (worn)
Comestibles
 f - a bread ration


   Skills:
 + Level 2.8 Fighting
 + Level 4.1 Axes
 + Level 2.0 Throwing
 + Level 1.0 Armour
 + Level 3.8 Dodging
 + Level 0.1 Stealth


You had 2 spell levels left.
You didn't know any spells.

Dungeon Overview and Level Annotations

Branches:
Dungeon (2/15)

Altars:
Lugonu

Portals:
Abyss: D:1

Annotations:
D:2 Sigmund


Innate Abilities, Weirdness & Mutations

You reflexively headbutt those who attack you in melee.
You have a pair of horns on your head.


Message History

Sigmund casts a spell at you.
You are more confused.
Sigmund casts a spell at you. The puff of flame misses you.
The dart slug bites you. Sigmund misses you.
Sigmund gestures wildly while chanting.
Sigmund flickers and vanishes!
Deactivating autopickup; reactivate with Ctrl-A.
The dart slug launches a dart at you. The slug dart hits you!
* * * LOW HITPOINT WARNING * * *
You hear some strange, mumbled words.
A puff of flame appears from out of thin air!
The puff of flame hits you!
* * * LOW HITPOINT WARNING * * *
The dart slug launches a dart at you. The slug dart misses you.
Something hits you but does no damage. The dart slug barely misses you.
Something hits you!
You die...

####### ...
##.....##...
##...........
#............
#...<...$)...
#............
#.@..........
#..w.........
#..{.........
##...........
##..........
#####.#.###
.#.# .# # ..


You could see a dart slug.

Vanquished Creatures
  An ooze (D:1)
  2 dart slugs (D:1)
  A leopard gecko (D:1)
  2 bats (D:1)
  5 goblins (D:1)
  5 hobgoblins (D:1)
  2 kobolds (D:1)
  2 ball pythons (D:1)
  A frilled lizard (D:1)
  4 rats (D:1)
25 creatures vanquished.

Notes
Turn   | Place    | Note
-------+----------+-------------------------------------------
     0 | D:1      | SQman the Minotaur Gladiator began the quest for the Orb.
     0 | D:1      | Reached XP level 1. HP: 18/18 MP: 0/0
    86 | D:1      | Noticed a quasit
    86 | D:1      | Noticed an iron imp
    86 | D:1      | Noticed a quasit
    86 | D:1      | Noticed an iron imp
    88 | D:1      | Noticed an iron imp
    91 | D:1      | Found a one-way gate to the infinite horrors of the Abyss.
    91 | D:1      | Noticed an iron imp
    94 | D:1      | Noticed an iron imp
    95 | D:1      | Noticed a quasit
    95 | D:1      | Noticed an iron imp
    98 | D:1      | Found a corrupted altar of Lugonu.
   142 | D:1      | Reached XP level 2. HP: 19/25 MP: 1/1
   212 | D:1      | Reached skill level 4 in Axes
   670 | D:1      | Reached XP level 3. HP: 30/30 MP: 2/2
   947 | D:1      | Reached skill level 1 in Armour
  1094 | D:2      | Noticed Sigmund
  1116 | D:2      | Slain by Sigmund

Vault maps used:
D:1:      erik_arrival_cave_to_civilisation
D:2:      grunt_qazlal_sundering, uniq_sigmund

Skill      XL: |  1  2  3 |
---------------+----------+-----
Axes           | 4 |  4.1
Armour         | 1 |  1.0
Fighting       | |  2.8
Throwing       | |  2.0
Dodging        | |  3.8
Stealth        | |  0.1

Action                   || total
-------------------------++-------
Melee: War axe           ||    55
       Headbutt          ||     7
  Use: Potion            ||     2
       Scroll            ||     1
Armor: Leather armour    ||    16
Dodge: Dodged            ||    40
